 Dungeon Crawl Stone Soup version 0.29-a0-1043-g569b05d6ff (webtiles) character file.

Game seed: 3279196163729179764

845 Zeldest the Covered (level 8, 0/68 HPs)
             Began as a Meteoran Fighter on Aug 16, 2022.
             Slain by a vampire (9 damage)
             ... on level 5 of the Dungeon.
             The game lasted 00:07:22 (1479 turns).

Zeldest the Covered (Meteoran Fighter)              Turns: 1479, Time: 00:07:23

Health: 0/68       AC: 15    Str: 23    XL:     8   Next: 44%
Magic:  9/9        EV:  8    Int:  9    God:
Gold:   164        SH:  5    Dex: 14    Spells: 7/7 levels left

rFire   . . .      SeeInvis .   a - +0 war axe
rCold   . . .      Faith    .   c - +0 buckler
rNeg    + . .      Spirit   .   m - +0 plate armour
rPois   .          Reflect  .   i - +0 helmet
rElec   .          Harm     .   (no cloak)
rCorr   +          Rampage  .   r - +0 pair of gloves
Will    +....                   (no boots)
Stlth   ..........              f - amulet of magic regeneration
HPRegen 0.21/turn               u - ring "Zaecoj" {rN+ rCorr Str+3}
MPRegen 0.51/turn               (no ring)

@: mighty, brilliant, glowing
A: sense surroundings 1, otherworldly, glowing, explore regen
a: no special abilities


You were on level 5 of the Dungeon.
You visited 1 branch of the dungeon, and saw 5 of its levels.

You collected 164 gold pieces.

Inventory:

Hand Weapons
 a - a +0 war axe (weapon)
Missiles
 t - a throwing net (quivered)
Armour
 c - a +0 buckler (worn)
 i - a +0 helmet (worn)
 m - a +0 plate armour (worn)
 r - a +0 pair of gloves (worn)
Jewellery
 f - an amulet of magic regeneration (around neck)
 p - a ring of ice
 u - the ring "Zaecoj" (left hand) {rN+ rCorr Str+3}
   (You found it on level 5 of the Dungeon)

   [ring of positive energy]

   Str:       It affects your strength (+3).
   rN:        It protects you from negative energy.
   rCorr:     It protects you from acid and corrosion.
Scrolls
 b - 2 scrolls of noise {unknown}
 g - a scroll of butterflies {unknown}
 h - a scroll of blinking {unknown}
 k - 2 scrolls of identify {unknown}
 l - a scroll of poison {unknown}
 o - a scroll of enchant armour {unknown}
 s - a scroll of teleportation {unknown}
Potions
 d - a potion of curing {unknown}
 e - a potion of haste {unknown}
 j - a potion of brilliance
 n - a potion of degeneration {unknown}
 q - a potion of might


   Skills:
 + Level 5.3 Fighting
 + Level 5.1 Axes
 + Level 6.0 Armour
 + Level 4.4 Dodging
 + Level 5.8 Shields


You had 7 spell levels left.
You didn't know any spells.
Your spell library contained the following spells:

 Spells                   Type           Power      Damage    Failure   Level
 Magic Dart               Conj           0%         1d3       100%        1
 Call Imp                 Summ           0%         N/A       100%        2
 Mephitic Cloud           Conj/Pois/Air  0%         N/A       100%        3
 Ozocubu's Armour         Ice            0%         N/A       100%        3
 Summon Ice Beast         Ice/Summ       0%         N/A       100%        4
 Blade Hands              Tmut           0%         N/A       100%        5
 Irradiate                Conj/Tmut      0%         3d11      100%        5
 Summon Mana Viper        Hex/Summ       0%         N/A       100%        5
 Dragon Form              Tmut           0%         N/A       100%        7
 Monstrous Menagerie      Summ           0%         N/A       100%        7
 Ozocubu's Refrigeration  Ice            0%         4d7       100%        7


Dungeon Overview and Level Annotations

Branches:
Dungeon (5/15) Zot: 1443
 Temple: D:4-7

Altars:
Fedhas
Qazlal
Vehumet
Zin

Shops:
D:2 (


Innate Abilities, Weirdness & Mutations

You passively map a small area around you.
You are easily found by Zot.
You glow in the dark.
You regain HP and MP as you explore.


Message History

The vampire draws strength from your injuries!
The howler monkey hits you but does no damage.
The vampire casts a spell.
The vampire flickers and vanishes!
Deactivating autopickup; reactivate with Ctrl-A.
You miss something. You completely miss the howler monkey.
You block the howler monkey's attack. You block something's attack.
Something bites you but does no damage.
The howler monkey hits you but does no damage.
Okay, then.
You aren't carrying any items that you can evoke.
Unknown command.
You barely miss something. You hit the howler monkey.
The howler monkey hits you but does no damage.
Something hits you. Something bites you!
Something draws strength from your injuries!
You slash something! You slash the howler monkey!
The howler monkey hits you but does no damage.
Something hits you. Something bites you but does no damage.
The howler monkey barely misses you.
You barely miss something. You closely miss the howler monkey.
Something hits you!
* * * LOW HITPOINT WARNING * * *
Something bites you.
* * * LOW HITPOINT WARNING * * *
The howler monkey hoots and howls with incredible vigour!
You block something's attack. x2
You slash something! You closely miss the howler monkey.
The howler monkey hits you but does no damage.
The howler monkey hits you.
* * * LOW HITPOINT WARNING * * *
Something hits you but does no damage. Something bites you.
* * * LOW HITPOINT WARNING * * *
Something draws strength from your injuries!
Okay, then.
It was a potion of brilliance.
You feel clever all of a sudden.
The howler monkey hits you but does no damage.
Something hits you!
You die...

.......# ####.###
####.### .......#
####.#.# ##.#.#######
###..........#
...########..########
##.# #..#..@h.(# #.#
,#..#..#{[!# ##.#, *
#..#..#$.$# ...#**
*,,#..#..##### ##.#,
, #..#......# ###, ,
#..#......#
##..#####..#####..#
#.#..oh.o#..#...†..#
#..#.....5#..#...)..#


You could see a howler monkey.

Vanquished Creatures
  An orc warrior (D:4)
  An ogre (D:4)
  A centaur (D:4)
  A phantom (D:4)
  A necrophage (D:4)
  2 scorpions (D:5)
  An orc priest (D:4)
  2 hounds
  A jelly (D:4)
  3 iguanas (D:4)
  2 orc wizards
  3 adders
  2 white imps (D:5)
  3 ufetubi (D:5)
  3 worms
  A dart slug (D:4)
  11 orcs
  6 endoplasms
  2 giant cockroaches
  4 goblins
  2 quokkas (D:3)
  4 ball pythons
  2 bats
  2 frilled lizards (D:2)
  2 kobolds (D:2)
  6 rats
69 creatures vanquished.

Notes
Turn   | Place    | Note
-------+----------+-------------------------------------------
     0 | D:1      | Zeldest the Meteoran Fighter began the quest for the Orb.
     0 | D:1      | Reached XP level 1. HP: 19/19 MP: 2/2
    58 | D:2      | Reached XP level 2. HP: 26/26 MP: 3/3
   168 | D:2      | Reached skill level 1 in Dodging
   168 | D:2      | Reached XP level 3. HP: 17/31 MP: 4/4
   193 | D:2      | Found a faded altar of an unknown god.
   247 | D:2      | Reached skill level 4 in Armour
   296 | D:2      | Found Ryshakhe's Antique Weapon Boutique.
   502 | D:3      | Reached XP level 4. HP: 31/35 MP: 5/5
   601 | D:4      | Reached XP level 5. HP: 36/46 MP: 6/6
   611 | D:4      | Found a large runed translucent door.
   612 | D:4      | Found a large runed translucent door.
   631 | D:4      | Noticed a necrophage
   642 | D:4      | Killed a necrophage
   643 | D:4      | Reached XP level 6. HP: 19/49 MP: 7/7
   648 | D:4      | Identified the +7 sling of Wounding {venom, rC- Str+3}
   790 | D:4      | Noticed a centaur
   806 | D:4      | Killed a centaur
   825 | D:4      | Reached skill level 5 in Armour
   825 | D:4      | Reached XP level 7. HP: 49/60 MP: 8/8
   852 | D:4      | Reached skill level 5 in Shields
   946 | D:4      | Found a glowing silver altar of Zin.
   958 | D:4      | Found a radiant altar of Vehumet.
  1007 | D:4      | Found a blossoming altar of Fedhas.
  1050 | D:4      | Reached XP level 8. HP: 9/67 MP: 9/9
  1056 | D:4      | Reached skill level 5 in Fighting
  1110 | D:5      | Entered Level 5 of the Dungeon
  1110 | D:5      | Found a stormy altar of Qazlal.
  1236 | D:5      | Identified the ring "Zaecoj" {rN+ rCorr Str+3}
  1453 | D:5      | Reached skill level 5 in Axes
  1464 | D:5      | Reached skill level 6 in Armour
  1472 | D:5      | Noticed a vampire
  1479 | D:5      | Slain by a vampire

Illustrated notes

Levels and vault maps discovered:
D:1:      dpeg_arrival_renting, layout_loops_ring, serial_glass,
          glass_columns_b, glass_columns_b, due_unseen_surprise,
          feat_on_display, item_on_display_a, minmay_strange_pillars
D:2:      layout_basic, serial_shops, nicolae_shop_behind_doors,
          shapermc_ecumenical_altar_ellora, hex_large
D:3:      layout_basic, grunt_decor_mini_mirrors
D:4:      layout_rooms, fedhas_altar_2, jmf_multi_god_temple2,
          guppyfry_early_orc_mine
D:5:      kennysheep_windowed_halls, layout_loops_corners,
          overflow_temple_1_default, uniq_crazy_yiuf_cottage

Skill      XL: |  1  2  3  4  5  6  7  8 |
---------------+-------------------------+-----
Dodging        | 1 2 3 4 |  4.4
Armour         | 4 5 6 |  6.0
Shields        | 4 5 |  5.8
Axes           | 3 4 5 |  5.1
Fighting       | 4 5 |  5.3

Action                   |  1- 3 |  4- 6 |  7- 9 || total
-------------------------+-------+-------+-------++-------
Melee: War axe           |    63 |    72 |    84 ||   219
  Use: Potion            |       |     1 |     2 ||     3
Armor: Scale mail        |    20 |       |       ||    20
       Plate armour      |    13 |    69 |    47 ||   129
Dodge: Dodged            |    23 |    17 |    20 ||    60
Block: Buckler           |    14 |    18 |    26 ||    58

Table legend: (Time is in decaauts)
 A = Elapsed time spent in this place.
 B = Non-inter-level travel time spent in this place.
 C = Inter-level travel time spent in this place.
 D = Time resting spent in this place.
 E = Time spent auto-exploring this place.
 F = Levels seen in this place.
 G = Mean time per level.
                   A        B        C        D        E       F      G
               +--------+--------+--------+--------+--------+-----+--------+
         Total |   1555 |   1489 |     66 |      0 |      0 |   5 |  311.0 |
       Dungeon |   1555 |   1489 |     66 |      0 |      0 |   5 |  311.0 |
               +--------+--------+--------+--------+--------+-----+--------+

Top non-repeatable levels by time:
     D:4: 558 daAuts
     D:2: 378 daAuts
     D:5: 376 daAuts
     D:3: 209 daAuts
     D:1: 32 daAuts
